 Dungeon Crawl Stone Soup version 0.23.2-30-g0e89c35649 (webtiles) character file.

Game seed: 15751224695315817659

80 Acheron the Vexing (level 4, -1/42 HPs)
             Began as an Ogre Arcane Marksman on June 19, 2019.
             Slain by a gnoll
             ... wielding a +0 quarterstaff
              (3 damage)
             ... on level 3 of the Dungeon.
             The game lasted 00:08:54 (1987 turns).

Acheron the Vexing (Ogre Arcane Marksman)           Turns: 1987, Time: 00:08:55

Health: -1/42      AC: 10    Str: 14    XL:     4   Next: 39%
Magic:  6/6        EV: 10    Int: 14    God:
Gold:   112        SH:  0    Dex: 10    Spells: 3/6 levels left

rFire    . . .     SeeInvis .   k - +0 short sword (protect)
rCold    . . .     Gourm    .   (no shield)
rNeg     . . .     Faith    .   g - +0 robe (curse)
rPois    .         Spirit   .   (helmet restricted)
rElec    .         Reflect  .   (no cloak)
rCorr    .         Harm     .   (gloves unavailable)
MR       .....                  (boots unavailable)
Stlth    +.........             (no amulet)
HPRegen  0.14/turn              (no ring)
MPRegen  0.10/turn              (no ring)

@: protection aura
A: large, unfitting armour, tough skin 1
a: no special abilities


You were on level 3 of the Dungeon.
You were not hungry.

You visited 1 branch of the dungeon, and saw 5 of its levels.

You collected 112 gold pieces.

Inventory:

Hand Weapons
 k - a +0 short sword of protection (weapon)
 l - a +0 hunting sling
 o - a +0 whip
 p - a +0 rapier
Missiles
 c - 4 large rocks (quivered)
 d - 2 throwing nets
 h - 14 sling bullets
 i - 39 arrows
Armour
 a - a +0 robe
 g - a cursed +0 robe (worn)
Jewellery
 n - an uncursed amulet of harm {unknown}
Scrolls
 j - a scroll of teleportation {unknown}
Potions
 b - a potion of invisibility {unknown}
 e - a potion of heal wounds {unknown}
Comestibles
 f - 4 rations
 m - 5 chunks of flesh


   Skills:
 * Level 1.8 Fighting
 * Level 1.3 Short Blades
 + Level 2.0 Throwing
 * Level 2.6 Dodging
 * Level 0.4 Stealth
 - Level 0.1 Unarmed Combat
 * Level 1.9 Spellcasting
 * Level 3.1 Hexes


You had 3 spell levels left.
You knew the following spells:

 Your Spells              Type           Power        Failure   Level  Hunger
a - Corona                Hex            ##.....      7%          1    ##.....
b - Slow                  Hex            ##......     10%         2    ###....

Your spell library contained the following spells:

 Spells                   Type           Power        Failure   Level  Hunger
 Inner Flame              Hex/Fire       #.......     36%         3    ####...
 Portal Projectile        Hex/Tloc       #.....       36%         3    ####...
 Cause Fear               Hex            ##........   54%         4    #####..
 Leda's Liquefaction      Hex/Erth       #.........   77%         4    #####..


Dungeon Overview and Level Annotations

Branches:
Dungeon (5/15)
 Temple: D:4-7

Altars:

Annotations:
D:4 exclusion: downstairs


Innate Abilities, Weirdness & Mutations

You are too large for most types of armour.
You have tough skin. (AC +1)


Message History

The gnoll is severely wounded.
The gnoll hits you with a +0 whip.
You hit the gnoll.
You kill the gnoll!
You hit the gnoll but do no damage. The gnoll hits you but does no damage.
You hit the gnoll.
The gnoll is lightly wounded.
The gnoll hits you but does no damage.
You barely miss the gnoll.
The gnoll is lightly wounded.
The gnoll hits you with a +0 quarterstaff!
* * * LOW HITPOINT WARNING * * *
You hit the gnoll.
The gnoll is moderately wounded.
The gnoll hits you with a +0 quarterstaff.
* * * LOW HITPOINT WARNING * * *
You hit the gnoll.
The gnoll is heavily wounded.
The gnoll hits you with a +0 quarterstaff.
You die...

##.## ... ..
#####'#####.#
g##........##.#
..#........##.#
#.#........##.#
#.#####.#..##.# #.##
#g#..##.#
#..####@#..##.#########
#......#..............
#..######.##.#########
##.##.....#........#
####....#####..#####..
#.....#.#####.........
#.....#...............
#.....##..............
#......#..............


You could see a gnoll.

Vanquished Creatures
  2 gnolls (D:3)
  2 adders (D:2)
  A worm (D:2)
  A dart slug (D:1)
  2 ball pythons (D:3)
  5 bats
  3 giant cockroaches
  4 goblins
  5 hobgoblins
  5 kobolds
  A quokka (D:3)
  3 frilled lizards
  4 rats
38 creatures vanquished.

Notes
Turn   | Place    | Note
-------+----------+-------------------------------------------
     0 | D:1      | Acheron the Ogre Arcane Marksman began the quest for the
                  | Orb.
     0 | D:1      | Reached XP level 1. HP: 19/19 MP: 2/2
   237 | D:1      | Reached XP level 2. HP: 24/27 MP: 3/3
   244 | D:1      | Learned a level 2 spell: Slow
   698 | D:1      | Reached skill level 3 in Hexes
   897 | D:2      | Reached XP level 3. HP: 35/35 MP: 5/5
  1194 | D:2      | Reached skill level 1 in Short Blades
  1599 | D:2      | Reached XP level 4. HP: 42/42 MP: 6/6
  1869 | D:5      | Entered Level 5 of the Dungeon
  1986 | D:3      | HP: 2/42 [gnoll/+0 quarterstaff (4)]
  1987 | D:3      | Slain by a gnoll

Skill      XL: |  1  2  3 |
---------------+----------+-----
Dodging        | 2 |  2.6
Hexes          | 3 |  3.1
Short Blades   | 1 |  1.3
Fighting       | |  1.8
Throwing       | |  2.0
Stealth        | |  0.4
Unarmed Combat | |  0.1
Spellcasting   | |  1.9

Action                   |  1- 3 |  4- 6 || total
-------------------------+-------+-------++-------
Melee: Unarmed           |    55 |       ||    55
       Short sword       |   111 |    30 ||   141
Throw: Large rock        |       |     1 ||     1
  Use: Scroll            |     2 |       ||     2
 Stab: Sleeping          |     1 |       ||     1
  Eat: Chunk             |     2 |     2 ||     4
Armor: Robe              |    61 |     6 ||    67
Dodge: Dodged            |    85 |    13 ||    98
